 Dungeon Crawl Stone Soup version 0.29.1-1-gd02db6906a (webtiles) character file.

Game seed: 8334566610463024840

18 Hadkhar the Caller (level 2, 0/15 HPs)
             Began as a Tengu Summoner on Sept 27, 2022.
             Slain by a gnoll
             ... wielding a +0 club
              (7 damage)
             ... on level 1 of the Dungeon.
             The game lasted 00:05:43 (1044 turns).

Hadkhar the Caller (Tengu Summoner)                 Turns: 1044, Time: 00:05:44

Health: 0/15       AC:  2    Str:  8    XL:     2   Next: 70%
Magic:  4/6        EV: 12    Int: 15    God:
Gold:   51         SH:  0    Dex: 14    Spells: 4/5 levels left

rFire   . . .      SeeInvis .   f - +0 dagger
rCold   . . .      Faith    .   (no shield)
rNeg    . . .      Spirit   .   a - +0 robe
rPois   .          Reflect  .   (helmet restricted)
rElec   .          Harm     .   (no cloak)
rCorr   .          Rampage  .   (no gloves)
Will    .....                   (boots unavailable)
Stlth   ++........              (no amulet)
HPRegen 0.05/turn               (no ring)
MPRegen 0.10/turn               (no ring)

@: no status effects
A: beak, talons 3
a: no special abilities


You were on level 1 of the Dungeon.
You visited 1 branch of the dungeon, and saw 1 of its levels.

You collected 51 gold pieces.

Inventory:

Hand Weapons
 f - a +0 dagger (weapon)
Armour
 a - a +0 robe (worn)
Scrolls
 e - a scroll of amnesia {unknown}
 g - a scroll of poison {unknown}
Potions
 b - a potion of magic
 c - a potion of cancellation {unknown}
 d - a potion of berserk rage {unknown}


   Skills:
 + Level 2.5 Dodging
 + Level 2.4 Stealth
 + Level 2.2 Spellcasting
 + Level 5.0 Summonings


You had 4 spell levels left.
You knew the following spells:

 Your Spells              Type           Power      Damage    Failure   Level
a - Summon Small Mammal   Summ           64%        N/A       2%          1

Your spell library contained the following spells:

 Spells                   Type           Power      Damage    Failure   Level
 Call Imp                 Summ           16%        N/A       4%          2
 Call Canine Familiar     Summ           16%        N/A       9%          3
 Magic Dart               Conj           4%         1d3       22%         1
 Summon Guardian Golem    Hex/Summ       9%         N/A       22%         3
 Mephitic Cloud           Conj/Pois/Air  1%         N/A       54%         3
 Summon Lightning Spire   Summ/Air       9%         N/A       58%         4


Dungeon Overview and Level Annotations

Branches:
Dungeon (1/15)

Altars:


Innate Abilities, Weirdness & Mutations

You have a beak for a mouth.
You have claws for feet.


Message History

Casting: Summon Small Mammal (safe; 2% risk of failure)
Press: ? - help, Q - select action Dir - look around, f - activate
Okay, then.
The rat misses you.
You closely miss the rat. The rat bites you but does no damage.
You closely miss the rat. You peck the rat, but do no damage.
The rat bites you.
You hit the rat.
You kill the rat!
g - a scroll labelled ELE GIUFOROAC A frilled lizard comes into view.
Found 13 gold pieces.
The helpless frilled lizard fails to defend itself.
You puncture the frilled lizard!
You kill the frilled lizard!
Found 3 curare-tipped darts.
You see here a frilled lizard corpse.
A gnoll comes into view. It is wielding a +0 club.
You see here 13 gold pieces.
Press: ? - help, v - describe, . - travel
Here: a gnoll, wielding a +0 club (asleep)
The floor.
The helpless gnoll fails to defend itself.
You puncture the gnoll!
The gnoll is severely wounded.
The gnoll hits you with a +0 club.
Casting: Summon Small Mammal (safe; 2% risk of failure)
Press: ? - help, Q - select action Dir - look around, f - activate The gnoll closely misses you.
Casting: Summon Small Mammal (safe; 2% risk of failure)
Press: ? - help, Q - select action Dir - look around, f - activate The gnoll hits you with a +0 club.
The gnoll attacks as you move away! The gnoll hits you with a +0 club.
Your quokka barely misses the gnoll.
Your rat bites the gnoll but does no damage.
You see here 13 gold pieces.
You hit the gnoll but do no damage.
The gnoll is severely wounded.
The gnoll hits you with a +0 club!
You die...

#............######.#
#.##########.# #.#
#.# #.# #.# #####.#
#.# ......# #†#
#####.# # #.# #.#
####.##.# #.#
#......@#
#....##.##.##g##
#.#..# # #.rr# #.
..##............# ##
#.##....#.(.###.#
.#.###.##.## .. # ..#
#.# .#. #.# ..# #..


You could see a gnoll (ally target), a friendly quokka (summoned) and a friendly
rat (summoned).

Vanquished Creatures
  A ball python (D:1)
  A bat (D:1)
  An endoplasm (D:1)
  3 giant cockroaches (D:1)
  A goblin (D:1)
  A quokka (D:1)
  A frilled lizard (D:1)
  A rat (D:1)
10 creatures vanquished.

Vanquished Creatures (collateral kills)
  2 endoplasms (D:1)
  A quokka (D:1)
  A frilled lizard (D:1)
  2 rats (D:1)
6 creatures vanquished.

Grand Total: 16 creatures vanquished

Notes
Turn   | Place    | Note
-------+----------+-------------------------------------------
     0 | D:1      | Hadkhar the Tengu Summoner began the quest for the Orb.
     0 | D:1      | Reached XP level 1. HP: 10/10 MP: 4/4
   540 | D:1      | Reached XP level 2. HP: 12/15 MP: 4/6
   596 | D:1      | Reached skill level 5 in Summonings
  1044 | D:1      | Slain by a gnoll

Illustrated notes

Levels and vault maps discovered:
D:1:      lightli_arrival_windingriver, layout_loops_ring,
          ebering_ecumenical_altar_hall

Skill      XL: |  1  2 |
---------------+-------+-----
Summonings     | 5 |  5.0
Dodging        | |  2.5
Stealth        | |  2.4
Spellcasting   | |  2.2

Action                   || total
-------------------------++-------
Melee: Unarmed           ||    25
       Kick              ||     9
       Peck              ||     3
       Dagger            ||    14
 Cast: Summon Small Mamm ||    18
 Stab: Sleeping          ||     3
Armor: Robe              ||     9
Dodge: Dodged            ||    17
